 Dungeon Crawl Stone Soup version bcrawl-1.28.1b (webtiles) character file.

Game seed: 2740197295906377273

130435 KristoblXynda the Charmwright (level 3, 0/18 HPs)
             Began as a Spriggan Skald on Dec 14, 2020.
             Slain by a hobgoblin (5 damage)
             ... led by Robin
             ... on level 1 of the Dungeon.
             The game lasted 00:02:34 (1058 turns).

KristoblXynda the Charmwright (Spriggan Skald)      Turns: 1058, Time: 00:02:35

Health: 0/18       AC:  3    Str:  8    XL:     3   Next: 41%
Magic:  8/8        EV: 19    Int: 14    God:
Gold:   110        SH:  0    Dex: 15    Spells: 6/7 levels left

rFire    . . .     SeeInvis +   a - +0 rapier
rCold    . . .     Gourm    .   (shield restricted)
rNeg     . . .     Faith    .   b - +0 robe
rPois    .         Spirit   .   (helmet restricted)
rElec    .         Reflect  .   m - +0 cloak
rCorr    .         Harm     .   (gloves unavailable)
MR       .....                  (boots unavailable)
Stlth    ++........             j - amulet of regeneration (curse)
HPRegen  0.30/turn              (no ring)
MPRegen  0.11/turn              (no ring)

@: very quick
A: very small, unfitting armour, see invisible, herbivore, speed 3, slow
metabolism 2
a: no special abilities


You were on level 1 of the Dungeon.
You were hungry.

You visited 1 branch of the dungeon, and saw 2 of its levels.

You collected 110 gold pieces.

Inventory:

Hand Weapons
 a - a +0 rapier (weapon)
Armour
 b - a +0 robe (worn)
 m - a +0 cloak (worn)
Jewellery
 j - a cursed amulet of regeneration (around neck)
Scrolls
 d - a scroll of fear
 f - a scroll of enchant armour {unknown}
 g - a scroll of remove curse {unknown}
 h - a scroll of teleportation {unknown}
 i - 3 scrolls of identify
 l - a scroll of enchant weapon {unknown}
 n - a scroll of amnesia {unknown}
Potions
 c - a potion of cancellation
 k - a potion of mutation
 o - a potion of agility
 p - a potion of might
 q - a potion of lignification {unknown}
Comestibles
 e - 2 rations {!d}


   Skills:
 * Level 2.1 Fighting
 + Level 3.1 Short Blades
 + Level 4.2 Dodging
 + Level 0.4 Stealth
 - Level 2.6 Spellcasting
 + Level 5.0 Charms


You had 6 spell levels left.
You knew the following spells:

 Your Spells              Type           Power        Failure   Level  Hunger
a - Infusion              Chrm           ###.....     2%          1    None

Your spell library contained the following spells:

 Spells                   Type           Power        Failure   Level  Hunger
 Song of Slaying          Chrm           ###.....     4%          2    ##.....
 Ozocubu's Armour         Chrm/Ice       #.......     24%         3    ####...
 Regeneration             Chrm/Necr      #.........   24%         3    ####...
 Spectral Weapon          Hex/Chrm       #.......     24%         3    ####...


Dungeon Overview and Level Annotations

Branches:
Dungeon (2/12)

Altars:

Annotations:
D:2 Robin


Innate Abilities, Weirdness & Mutations

You are very small and have problems with some larger weapons.
You are too small for most types of armour.
You have supernaturally acute eyesight. (SInv)
You are a herbivore.
You cover ground extremely quickly.
You need to consume almost no food.


Message History

* * * LOW HITPOINT WARNING * * *
The hobgoblin hits you.
* * * LOW HITPOINT WARNING * * *
The hobgoblin misses you.
You climb upwards.
There is a stone staircase leading down here.
You see here a leather armour.
Okay, then.
The hobgoblin no longer looks unusually strong.
The hobgoblin hits you.
* * * LOW HITPOINT WARNING * * *
You hit the hobgoblin.
The hobgoblin is moderately wounded.
The hobgoblin no longer looks unusually strong.
The hobgoblin misses you.
You barely miss the hobgoblin.
The hobgoblin is moderately wounded.
The hobgoblin closely misses you. The hobgoblin hits you.
You die...

#.................### #..#
##. #........÷.......##
#.## ##..
##..............## ##.#
#... ##.....#..÷....#
##..# ##.##
#######.#####.# ###.)##
#..#. ###.### #.#
#...#####.... #.....# #g#
#............ #.....# #g#
####......... #.....# #@#
#....###... #.....# #.#
##.#.## #...
#.....###.#####....# ###.
#.................)#####..
#.....###.####..##........
#.....# #.##...###.....#..
#.....# #.#........#####..
#.....###....####### #..
########..#.## ##.


You could see 2 hobgoblins.

Vanquished Creatures
  A giant cockroach (D:2)
  14 goblins
  6 hobgoblins
  6 kobolds
  3 bats
  6 frilled lizards (D:2)
  2 rats (D:2)
38 creatures vanquished.

Notes
Turn   | Place    | Note
-------+----------+-------------------------------------------
     0 | D:1      | KristoblXynda the Spriggan Skald began the quest for the
                  | Orb.
     0 | D:1      | Reached XP level 1. HP: 10/10 MP: 5/5
   349 | D:1      | Reached XP level 2. HP: 12/15 MP: 6/6
   572 | D:2      | Noticed Robin
   843 | D:2      | Reached XP level 3. HP: 15/18 MP: 8/8
   944 | D:2      | Reached skill level 5 in Charms
  1058 | D:1      | Slain by a hobgoblin

Skill      XL: |  1  2  3 |
---------------+----------+-----
Dodging        | 4 |  4.2
Short Blades   | 3 |  3.1
Fighting       | 2 |  2.1
Charms         | 5 |  5.0
Stealth        | |  0.4
Spellcasting   | |  2.6

Action                   || total
-------------------------++-------
Melee: Rapier            ||   132
  Use: Scroll            ||     4
Armor: Robe              ||    17
Dodge: Dodged            ||   123
